 Dungeon Crawl Stone Soup version 0.29-a0-275-g389c0b56f3 (webtiles) character file.

Game seed: 8468870553255218138

168 brightshaft the Shooter (level 5, -5/46 HPs)
             Began as a Minotaur Hunter on Mar 10, 2022.
             Slain by a gnoll
             ... wielding a +0 halberd
              (13 damage)
             ... on level 3 of the Dungeon.
             The game lasted 00:04:41 (1808 turns).

brightshaft the Shooter (Minotaur Hunter)           Turns: 1808, Time: 00:04:41

Health: -5/46      AC: 12    Str: 19    XL:     5   Next: 24%
Magic:  4/4        EV: 10    Int:  8    God:
Gold:   100        SH:  0    Dex: 10    Spells: 4/4 levels left

rFire   . . .      SeeInvis .   a - +1 shortbow
rCold   . . .      Faith    .   (shield currently unavailable)
rNeg    . . .      Spirit   .   i - +0 plate armour
rPois   .          Reflect  .   (helmet restricted)
rElec   .          Harm     .   (no cloak)
rCorr   .          Rampage  .   v - +0 pair of gloves
Will    +....                   (no boots)
Stlth   ..........              q - amulet of regeneration
HPRegen 0.95/turn               f - ring of willpower
MPRegen 0.09/turn               n - +4 ring of evasion

@: no status effects
A: horns 2, retaliatory headbutt
a: no special abilities


You were on level 3 of the Dungeon.
You visited 1 branch of the dungeon, and saw 3 of its levels.

You collected 100 gold pieces.

Inventory:

Hand Weapons
 a - a +1 shortbow (weapon)
Armour
 b - a +0 leather armour
 d - a +0 ring mail
 i - a +0 plate armour (worn)
 r - a +0 scale mail
 v - a +0 pair of gloves (worn)
Jewellery
 f - a ring of willpower (left hand)
 n - a +4 ring of evasion (right hand)
 q - an amulet of regeneration (around neck)
Wands
 p - a wand of flame (15)
 w - a wand of acid (11)
Scrolls
 c - 2 scrolls of immolation
 g - 2 scrolls of identify {unknown}
 j - a scroll of enchant armour {unknown}
 l - a scroll of brand weapon {unknown}
 o - a scroll of fog {unknown}
 s - a scroll of fear {unknown}
 t - 2 scrolls of teleportation {unknown}
 x - a scroll of amnesia {unknown}
 y - a scroll of blinking {unknown}
 z - a scroll of vulnerability {unknown}
Potions
 e - a potion of mutation {unknown}
 h - a potion of heal wounds {unknown}
 k - 2 potions of haste {unknown}
 m - a potion of degeneration {unknown}
 u - a potion of curing {unknown}


   Skills:
 + Level 3.8 Fighting
 * Level 5.6 Bows
 + Level 2.3 Armour
 + Level 3.2 Dodging
 - Level 0.7 Stealth


You had 4 spell levels left.
You didn't know any spells.
Your spell library was empty.

Dungeon Overview and Level Annotations

Branches:
Dungeon (3/15)

Altars:
Sif Muna

Shops:
D:1 (


Innate Abilities, Weirdness & Mutations

You have a pair of horns on your head.
You reflexively headbutt those who attack you in melee.


Message History

Shoot: a) +1 shortbow
Press: ? - help, Q - select action, (/) - cycle Shift-Dir - straight line, f - gnoll, p - gnoll
Aim: a gnoll, wielding a +0 spear (fast, 64% to hit)
You shoot an arrow.
The arrow barely misses the gnoll shaman.
The arrow hits the gnoll.
The gnoll is lightly wounded.
The gnoll hits you from afar with a +0 spear.
The gnoll hits you but does no damage. The gnoll misses you.
The gnoll shaman hits you with a +0 mace!
* * * LOW HITPOINT WARNING * * *
The gnoll hits you but does no damage.
Shoot: a) +1 shortbow
Press: ? - help, Q - select action, (/) - cycle Shift-Dir - straight line, f - gnoll shaman, p - gnoll
Aim: a gnoll shaman, wielding a +0 mace and wearing a +0 leather armour (heavily wounded, covered in acid, 64% to hit)
You shoot an arrow. The arrow hits the gnoll shaman.
The gnoll shaman is severely wounded.
The gnoll hits you but does no damage. x2; The gnoll shaman barely misses you.
The gnoll hits you but does no damage.
The gnoll shaman hits you with a +0 mace!
* * * LOW HITPOINT WARNING * * *
The gnoll hits you but does no damage. x2
Shoot: a) +1 shortbow
Press: ? - help, Q - select action, (/) - cycle Shift-Dir - straight line, f/p - gnoll shaman
Aim: a gnoll shaman, wielding a +0 mace and wearing a +0 leather armour (severely wounded, covered in acid, 64% to hit)
You shoot an arrow. The arrow hits the gnoll shaman.
The gnoll shaman is severely wounded.
The gnoll hits you but does no damage. x2
The gnoll shaman mumbles some strange prayers to its god.
The gnoll shaman is healed somewhat.
The gnoll barely misses you. The gnoll shaman barely misses you.
The gnoll misses you.
Shoot: a) +1 shortbow
Press: ? - help, Q - select action, (/) - cycle Shift-Dir - straight line, f/p - gnoll shaman
Aim: a gnoll shaman, wielding a +0 mace and wearing a +0 leather armour (heavily wounded, covered in acid, 64% to hit)
You shoot an arrow. The arrow hits the gnoll shaman!
The gnoll shaman is almost dead.
You are no longer glowing.
The gnoll closely misses you. The gnoll hits you but does no damage.
The gnoll hits you from afar with a +0 halberd!
You die...

#####.# #.##.##.# # .#
#.##.##.# # .. .....##.## #
.#. #........### . .#..
#..####..... .. . ##
#........### .#. .. ###
.........<. #.. .##.#
######.# #.#####.###
......###gg@..#.##.#####.###
.......))g##.###.#..........
.##.#.#####.## ##.##########
# ##.###.## ##.#.## ##.##
#.# #.# #.#


You could see a gnoll shaman (corroded) and 2 gnolls.

Vanquished Creatures
  5 gnolls
  4 adders (D:2)
  5 worms
  2 dart slugs (D:2)
  5 ball pythons
  4 endoplasms
  4 giant cockroaches
  7 hobgoblins
  5 kobolds
  4 quokkas
  8 bats
  3 frilled lizards
  4 goblins
  6 rats
  A spectral hobgoblin (D:1)
67 creatures vanquished.

Notes
Turn   | Place    | Note
-------+----------+-------------------------------------------
     0 | D:1      | brightshaft the Minotaur Hunter began the quest for the
                  | Orb.
     0 | D:1      | Reached XP level 1. HP: 18/18 MP: 0/0
    49 | D:1      | Found a faded altar of an unknown god.
   308 | D:1      | Reached XP level 2. HP: 23/25 MP: 1/1
   418 | D:1      | Reached skill level 1 in Armour
   454 | D:1      | Found Ycecedir's Antique Weapon Emporium.
   851 | D:2      | Reached XP level 3. HP: 30/30 MP: 2/2
   972 | D:2      | Reached skill level 5 in Bows
  1314 | D:2      | Found a shimmering blue altar of Sif Muna.
  1328 | D:2      | Reached XP level 4. HP: 38/38 MP: 3/3
  1795 | D:3      | Reached XP level 5. HP: 42/46 MP: 4/4
  1808 | D:3      | Slain by a gnoll

Illustrated notes

Levels and vault maps discovered:
D:1:      lemuel_arrival_broad_hall, layout_basic, serial_shops, shop,
          dreamdust_ecumenical_altar_drowned_temple
D:2:      layout_rooms, basic_altar, minmay_joined_circles
D:3:      layout_loops_cross

Skill      XL: |  1  2  3  4 |
---------------+-------------+-----
Armour         | 1 2 |  2.3
Fighting       | 3 |  3.8
Bows           | 5 |  5.6
Dodging        | 3 |  3.2
Stealth        | |  0.7

Action                   |  1- 3 |  4- 6 || total
-------------------------+-------+-------++-------
 Fire: Shortbow          |    88 |    73 ||   161
Evoke: Wand              |       |     1 ||     1
Armor: Ring mail         |    17 |       ||    17
       Plate armour      |       |    28 ||    28
       Scale mail        |       |     5 ||     5
Dodge: Dodged            |    25 |    32 ||    57

Table legend: (Time is in decaauts)
 A = Elapsed time spent in this place.
 B = Non-inter-level travel time spent in this place.
 C = Inter-level travel time spent in this place.
 D = Time resting spent in this place.
 E = Time spent auto-exploring this place.
 F = Levels seen in this place.
 G = Mean time per level.
                   A        B        C        D        E       F      G
               +--------+--------+--------+--------+--------+-----+--------+
         Total |   1894 |   1829 |     65 |      0 |   1401 |   3 |  631.3 |
       Dungeon |   1894 |   1829 |     65 |      0 |   1401 |   3 |  631.3 |
               +--------+--------+--------+--------+--------+-----+--------+

Top non-repeatable levels by time:
     D:2: 864 daAuts
     D:1: 851 daAuts
     D:3: 177 daAuts
